 Dungeon Crawl Stone Soup version 0.27.1-3-gb3d3a73c9e (webtiles) character file.

Game seed: 3693349598371646443

10507 Crownlay the Carver (level 11, -1/160 HPs)
             Began as a Minotaur Berserker on Oct 23, 2021.
             Was a Priest of Trog.
             Slain by a tengu warrior (12 damage)
             ... led by a tengu warrior
             ... on level 12 of the Dungeon.
             The game lasted 00:13:27 (11777 turns).

Crownlay the Carver (Minotaur Berserker)           Turns: 11777, Time: 00:13:28

Health: -1/160     AC:  9    Str: 26    XL:     11   Next: 37%
Magic:  10/10      EV: 12    Int:  4    God:    Trog [***...]
Gold:   387        SH:  0    Dex:  9    Spells: 10/10 levels left

rFire    . . .     SeeInvis .   j - +0 long sword
rCold    . . .     Faith    .   (no shield)
rNeg     . . .     Spirit   .   m - +2 steam dragon scales
rPois    +         Reflect  .   (helmet restricted)
rElec    .         Harm     .   s - +0 cloak
rCorr    .         Rampage  .   (no gloves)
Will     ++...                  o - +0 pair of boots
Stlth    ..........             (no amulet)
HPRegen  1.36/turn              h - ring of poison resistance
MPRegen  0.12/turn              C - ring of flight

@: berserking, strong-willed, flying, regenerating, very quick
A: horns 2, retaliatory headbutt
a: Renounce Religion, Berserk, Trog's Hand


You were on level 12 of the Dungeon.
You worshipped Trog.
Trog was most pleased with you.
You visited 1 branch of the dungeon, and saw 12 of its levels.

You collected 588 gold pieces.
You spent 201 gold pieces at shops.

Inventory:

Hand Weapons
 j - a +0 long sword (weapon)
Missiles
 c - a curare-tipped dart (quivered)
Armour
 m - +2 steam dragon scales (worn)
 o - a +0 pair of boots (worn)
 s - a +0 cloak (worn)
 t - a +0 tower shield
Jewellery
 h - a ring of poison resistance (left hand)
 q - a ring of positive energy
 C - a ring of flight (right hand)
Wands
 i - a wand of mindburst (8)
 w - a wand of iceblast (4)
 E - a wand of flame (28)
 H - a wand of acid (6)
Scrolls
 b - a scroll of brand weapon {unknown}
 d - 4 scrolls of immolation
 g - 2 scrolls of vulnerability
 k - 3 scrolls of teleportation
 n - 2 scrolls of magic mapping
 p - a scroll of enchant weapon {unknown}
 r - 2 scrolls of fear
 y - a scroll of blinking {unknown}
 B - a scroll of enchant armour {unknown}
 D - a scroll of silence {unknown}
 F - a scroll of fog {unknown}
 G - 2 scrolls of identify
 I - a scroll of holy word {unknown}
Potions
 a - 9 potions of curing
 e - a potion of attraction {unknown}
 f - 4 potions of flight
 l - a potion of brilliance {unknown}
 u - 4 potions of heal wounds
 v - a potion of cancellation {unknown}
 x - a potion of mutation {unknown}
 z - a potion of might {unknown}
 A - a potion of invisibility {unknown}


   Skills:
 + Level 13.2 Fighting
 - Level 14.0 Long Blades
 - Level 2.4 Armour
 - Level 2.1 Dodging
 * Level 7.2 Evocations


You had 10 spell levels left.
You didn't know any spells.
Your spell library was empty.

Dungeon Overview and Level Annotations

Branches:
Dungeon (12/15)            Temple (0/1) D:6             Orc (0/2) D:9
   Lair: D:8-11

Altars:
Ashenzari
Dithmenos
Makhleb
Vehumet

Shops:
D:6 (   D:8 *   D:9 (?

Annotations:
D:6 2 runed translucent doors, raph's ghost, novice MiGl
D:9 exclusion: orange crystal statue


Innate Abilities, Weirdness & Mutations

You have a pair of horns on your head.
You reflexively headbutt those who attack you in melee.


Message History

The troll is moderately wounded.
You barely miss the troll.
The troll is moderately wounded.
The troll bites you! The troll claws you but does no damage.
The troll closely misses you.
You slash the troll! Your headbutt misses the troll.
The troll is heavily wounded.
The troll bites you but does no damage. The troll claws you.
The troll claws you!
You closely miss the troll. You headbutt the troll!
The troll is almost dead.
The troll bites you! The troll claws you! The troll claws you.
You hit the troll but do no damage.
The troll is almost dead.
You hit the troll but do no damage. You headbutt the troll.
You kill the troll!
Trog accepts your kill.
The troll leather armour is intact enough to wear.
Your skin crawls.
You feel strong-willed.
The tengu warrior hits you with a +0 glaive!
The tengu warrior pecks you but does no damage.
The tengu warrior claws you.
The tengu warrior hits you with a +2 great mace!!
* * * LOW HITPOINT WARNING * * *
The tengu warrior pecks you.
* * * LOW HITPOINT WARNING * * *
The tengu warrior claws you but does no damage.
A red film seems to cover your vision as you go berserk!
You feel yourself moving faster!
You feel mighty!
The tengu warrior hits you with a +0 glaive!
* * * LOW HITPOINT WARNING * * *
The tengu warrior barely misses you. The tengu warrior claws you.
* * * LOW HITPOINT WARNING * * *
The tengu warrior hits you but does no damage.
The tengu warrior barely misses you.
The tengu warrior claws you but does no damage.
You hit the tengu warrior but do no damage.
The tengu warrior hits you with a +0 glaive!
You die...

..# .#.## ##.#
.../.
#...!#...... ###
#.##.#.#..#. #<#
#.##.#......
#.###.##.......^
#.......QQu....<
###..#..##@#
#..>.[.....#.#
####.#.......#
#.##.##!#.#
#.##......#
#.#####.### #.#
#.# ..# #.# #.
.#


You could see a purple ugly thing and 2 tengu warriors.

Vanquished Creatures
  A boulder beetle (D:6)
  A two-headed ogre (D:11)
  Pikel (D:5)
  Maggie (D:6)
  2 trolls
  A hornet (D:9)
  Prince Ribbit (D:5)
  Sigmund (D:6)
  17 yaks
  3 wyverns
  2 vampire mosquitoes (D:9)
  Edmund (D:4)
  Menkaure (D:5)
  A water moccasin (D:8)
  6 orc warriors
  A sky beast (D:8)
  2 ice beasts (D:5)
  A necrophage (D:5)
  A centaur (D:8)
  2 phantoms
  Blork the orc (D:6)
  3 kobold brigands
  4 bullfrogs
  2 scorpions (D:5)
  A water moccasin skeleton (D:7)
  11 killer bees
  3 lava snakes (D:9)
  2 bullfrog zombies
  4 centaur zombies
  4 hounds
  2 jellies
  3 orc priests
  A bullfrog skeleton (D:4)
  Ijyb (D:5)
  3 iguanas
  2 orc wizards
  A howler monkey skeleton (D:7)
  9 adders
  A dart slug (D:4)
  18 orcs
  2 bats (D:1)
  7 endoplasms
  2 giant cockroaches
  4 goblins
  4 hobgoblins
  4 jackals (D:2)
  14 kobolds
  A quokka (D:3)
  5 ball pythons
  A frilled lizard (D:1)
  6 rats
173 creatures vanquished.

Notes
Turn   | Place    | Note
-------+----------+-------------------------------------------
     0 | D:1      | Crownlay the Minotaur Berserker began the quest for the
                  | Orb.
     0 | D:1      | Reached XP level 1. HP: 19/19 MP: 0/0
   130 | D:1      | Reached skill level 4 in Long Blades
   155 | D:1      | Reached XP level 2. HP: 5/27 MP: 1/1
   853 | D:1      | Found a faded altar of an unknown god.
  1098 | D:2      | Reached XP level 3. HP: 33/33 MP: 2/2
  1228 | D:2      | Reached ** piety under Trog
  1299 | D:2      | Reached skill level 5 in Long Blades
  1383 | D:2      | Reached XP level 4. HP: 38/41 MP: 3/3
  1719 | D:3      | Noticed a phantom
  1725 | D:3      | Killed a phantom
  1726 | D:3      | Reached skill level 5 in Fighting
  1726 | D:3      | Reached skill level 6 in Long Blades
  1726 | D:3      | Reached XP level 5. HP: 48/48 MP: 4/4
  2546 | D:4      | Noticed Edmund
  2559 | D:4      | Killed Edmund
  2560 | D:4      | Reached skill level 7 in Long Blades
  2560 | D:4      | Reached XP level 6. HP: 48/57 MP: 5/5
  3001 | D:4      | Found a radiant altar of Vehumet.
  3165 | D:5      | Entered Level 5 of the Dungeon
  3230 | D:5      | Reached skill level 8 in Long Blades
  3448 | D:5      | Reached XP level 7. HP: 64/64 MP: 6/6
  3517 | D:5      | Noticed Prince Ribbit
  3517 | D:5      | Noticed Pikel
  3533 | D:5      | Killed Pikel
  3534 | D:5      | Reached skill level 9 in Long Blades
  3534 | D:5      | Reached XP level 8. HP: 73/73 MP: 7/7
  3537 | D:5      | Reached skill level 10 in Long Blades
  3572 | D:5      | Killed Prince Ribbit
  3844 | D:5      | Noticed Menkaure
  3847 | D:5      | Noticed Ijyb
  3852 | D:5      | Killed Menkaure
  3855 | D:5      | Killed Ijyb
  3858 | D:5      | Reached skill level 11 in Long Blades
  4295 | D:6      | Found Ehax's Weapon Shop.
  4309 | D:6      | Noticed Maggie
  4311 | D:6      | Noticed a boulder beetle
  4326 | D:6      | Killed Maggie
  4327 | D:6      | Reached XP level 9. HP: 63/82 MP: 8/8
  4565 | D:6      | Found a staircase to the Ecumenical Temple.
  4622 | D:6      | Noticed Blork the orc
  4628 | D:6      | Killed Blork the orc
  4698 | D:6      | HP: 1/124 [boulder beetle (8)]
  4700 | D:6      | Killed a boulder beetle
  4701 | D:6      | Reached skill level 12 in Long Blades
  4988 | D:6      | Noticed Sigmund
  4997 | D:6      | Killed Sigmund
  4998 | D:6      | Reached skill level 13 in Long Blades
  5103 | D:6      | Found a large runed translucent door.
  5105 | D:6      | Found a broken altar of Ashenzari.
  5146 | D:6      | Found a large runed translucent door.
  5148 | D:6      | Noticed raph's ghost (novice MiGl)
  5186 | D:6      | Reached skill level 10 in Fighting
  6867 | D:8      | Found Kefeneh's Assorted Antiques.
  6876 | D:8      | Bought a scroll labelled ARYWALU FIQE for 29 gold pieces
  6876 | D:8      | Bought a scroll labelled DIEQOR XUYJY for 29 gold pieces
  6876 | D:8      | Bought a scroll labelled TUADDE IDEBB for 29 gold pieces
  6904 | D:8      | Reached XP level 10. HP: 89/94 MP: 9/9
  7073 | D:8      | Reached skill level 14 in Long Blades
  7648 | D:9      | Reached *** piety under Trog
  7835 | D:9      | Reached skill level 1 in Evocations
  8039 | D:9      | Noticed an orange crystal statue
  8543 | D:9      | Found a shadowy altar of Dithmenos.
  8558 | D:9      | Found Koidaet's Weapon Shoppe.
  8559 | D:9      | Found a staircase to the Orcish Mines.
  8984 | D:9      | Found a burning altar of Makhleb.
  9220 | D:9      | Found Qyikh's Magic Scroll Emporium.
  9228 | D:9      | Bought a scroll of identify for 24 gold pieces
  9228 | D:9      | Bought a scroll of identify for 24 gold pieces
  9228 | D:9      | Bought a scroll of identify for 24 gold pieces
  9228 | D:9      | Bought a scroll of immolation for 42 gold pieces
  9731 | D:10     | Entered Level 10 of the Dungeon
  9833 | D:10     | Reached skill level 5 in Evocations
 10389 | D:10     | Reached XP level 11. HP: 98/105 MP: 10/10
 11199 | D:11     | Noticed a two-headed ogre
 11207 | D:11     | Killed a two-headed ogre
 11728 | D:11     | Noticed a five-headed hydra
 11767 | D:12     | Noticed a tengu warrior
 11768 | D:12     | Noticed a purple ugly thing
 11768 | D:12     | Noticed a tengu warrior
 11777 | D:12     | Slain by a tengu warrior

Illustrated notes

Levels and vault maps discovered:
D:1:      dpeg_arrival_chambers_temple_mockup, layout_basic,
          hellmonk_ecumenical_altar_lost_god, serial_corexii_hall,
          chequers_hall_statues_y, chequers_hall_statues_y,
          corexii_hall_statues_deadend, solitary_fountain
D:2:      layout_rooms
D:3:      layout_basic
D:4:      layout_loops_ring, nicolae_vehumet_altar_sigil, uniq_edmund
D:5:      layout_rooms, serial_glass, glass_columns_c, glass_columns_c,
          glass_columns_a, glass_columns_c, uniq_pikel, uniq_ijyb,
          uniq_menkaure, uniq_prince_ribbit1
D:6:      layout_layer_cave, lemuel_crystal_altar, minmay_temple_entry_trees,
          ebering_ghost_disaster_area, serial_shops, nicolae_shop_behind_doors,
          hangedman_decor_peaks_small, uniq_sigmund, uniq_blork_the_orc,
          uniq_maggie
D:7:      minmay_general_purpose_star, layout_loops_ring
D:8:      layout_basic, serial_shops, nicolae_square_shop
D:9:      layout_stronghold, lemuel_tele_altar, overflow_temple_1_default,
          orc_david_3, serial_shops, nicolae_diamond_shop, minmay_statues_item,
          disabler_island
D:10:     layout_layer_cave, corner_web_ring
D:11:     layout_stronghold, lair_entry_dummy, chequers_decorated_corner,
          fedhas_ov_isle_minmay, uniq_erica, uniq_nergalle
D:12:     layout_basic, kennysheep_island_fort

Skill      XL: |  1  2  3  4  5  6  7  8  9 10 11 |
---------------+----------------------------------+-----
Long Blades    | 4 5 6 7 8 9 11 13 14 | 14.0
Fighting       | 4 5 6 7 8 10 12 13 | 13.2
Evocations     | 5 7 |  7.2
Armour         | |  2.4
Dodging        | |  2.1

Action                   |  1- 3 |  4- 6 |  7- 9 | 10-12 || total
-------------------------+-------+-------+-------+-------++-------
Melee: Falchion          |    31 |       |       |       ||    31
       Headbutt          |     6 |    18 |    46 |    68 ||   138
       Long sword        |    20 |    80 |   182 |   243 ||   525
Throw: Dart              |       |       |       |     1 ||     1
Invok: Trog's Hand       |       |     2 |    10 |     8 ||    20
       Berserk           |       |     1 |     5 |     3 ||     9
Evoke: Wand              |       |       |     6 |     4 ||    10
  Use: Scroll            |       |       |     7 |     2 ||     9
 Stab: Sleeping          |     1 |       |       |       ||     1
Armor: Animal skin       |    12 |     1 |       |       ||    13
       Chain mail        |       |    50 |    36 |       ||    86
       Steam dragon scal |       |       |    49 |    79 ||   128
Dodge: Dodged            |    39 |    41 |    88 |   141 ||   309
       Rpst.: Falchion   |     5 |       |       |       ||     5
       Long sword        |     6 |     7 |    27 |    37 ||    77
